 Dungeon Crawl Stone Soup version 0.20.1-1-g8b1a95d (webtiles) character file.

312 manon the Ruffian (level 6, 0/47 HPs)
             Began as a Demonspawn Fighter on Sept 6, 2017.
             Slain by a bullfrog skeleton (2 damage)
             ... on level 5 of the Dungeon.
             The game lasted 00:09:44 (3227 turns).

manon the Ruffian (Demonspawn Fighter)              Turns: 3227, Time: 00:09:45

Health: 0/47       AC: 11    Str: 17    XL:     6   Next: 18%
Magic:  6/6        EV: 11    Int: 12    God:
Gold:   229        SH:  9    Dex: 18    Spells: 5/5 levels left

rFire    . . .     SeeInvis .     - Unarmed
rCold    + . .     Gourm    .   b - +0 shield
rNeg     + . .     Faith    .   a - +0 scale mail
rPois    .         Spirit   .   v - +2 helmet "Zukeack" {rN+ Int+2}
rElec    .         Reflect  .   (no cloak)
rCorr    .         Harm     .   (no gloves)
MR       .....                  (no boots)
Stlth    +.........             (no amulet)
Regen    0.2/turn               (no ring)
MPRegen  0.1/turn               (no ring)

@: agile, about to teleport
A: talons 2, icy blue scales 1, cold resistance 1
a: no special abilities


You were on level 5 of the Dungeon.
You were near starving.

You visited 1 branch of the dungeon, and saw 5 of its levels.

You collected 229 gold pieces.

Inventory:

Missiles
 i - 37 bolts
Armour
 a - a +0 scale mail (worn)
 b - a +0 shield (worn)
 t - a +0 plate armour
 u - a +0 helmet
 v - the +2 helmet "Zukeack" (worn) {rN+ Int+2}
   (You found it on level 4 of the Dungeon)

   It affects your intelligence (+2).
   It protects you from negative energy.
Jewellery
 q - an uncursed ring of positive energy {unknown}
Wands
 k - a wand of disintegration (4/24)
Scrolls
 e - 3 scrolls of remove curse
 f - 3 scrolls of teleportation
 h - 2 scrolls of enchant weapon {unknown}
 j - 3 scrolls of enchant armour {unknown}
 l - a scroll of blinking {unknown}
 n - 4 scrolls of identify
 p - a scroll of immolation {unknown}
 s - 2 scrolls of amnesia {unknown}
Potions
 o - a potion of curing
Comestibles
 d - 6 bread rations
 g - 2 meat rations
 r - 6 fruits


   Skills:
 - Level 3.0 Fighting
 - Level 2.6 Armour
 - Level 2.6 Shields
 + Level 6.0 Unarmed Combat


You had 5 spell levels left.
You didn't know any spells.

Dungeon Overview and Level Annotations

Branches:
Dungeon (5/15)
 Temple: D:4-7

Altars:
Fedhas
Kikubaaqudgha
Xom

Annotations:
D:5 Grinder


Innate Abilities, Weirdness & Mutations

You have razor-sharp toenails.
You are partially covered in icy blue scales. (AC +2)
Your flesh is cold resistant. (rC+)


Message History

Evoke which item? (* to show all) (? for menu, Esc to quit)
Aiming: Disintegrate (will waste charges)
Press: ? - help, Shift-Dir - straight line, f/p - Grinder
Aim: Grinder (moderately wounded, unusually resistant, chance to defeat MR: 65%) Grinder is blasted.
Evoking this partially-identified wand wasted a few charges.
The bullfrog skeleton barely misses you.
The hound closely misses you. Grinder hits you.
* * * LOW HITPOINT WARNING * * *
The bullfrog skeleton hits you but does no damage.
As you read the scroll labeled ZAPTUR ZICS, it crumbles to dust.
You feel strangely unstable.
It was a scroll of teleportation.
The hound closely misses you. Grinder hits you but does no damage.
The bullfrog skeleton barely misses you.
The hound closely misses you.
As you read the scroll labeled IXATOCK HACURCH, it crumbles to dust.
It is a scroll of identify.
e - 3 scrolls of remove curse The hound bites you but does no damage.
The bullfrog skeleton hits you.
You die...

.# .#
####.####
#.......#
#.......#
#.......#
#.Z5h...#
#..@....#
#....[..#
#.......#
#.......#
#.......#
#########


You could see Grinder, a hound and a bullfrog skeleton.

Vanquished Creatures
  Menkaure (D:4)
  2 worker ants
  Robin (D:2)
  4 adders
  An ooze (D:3)
  2 worms (D:3)
  2 dart slugs
  2 leopard geckos
  An orc (D:3)
  3 ball pythons
  8 bats
  3 bat zombies (D:3)
  2 giant cockroaches
  14 goblins
  11 hobgoblins
  4 jackals (D:3)
  3 frilled lizards
  A jackal skeleton (D:4)
  6 kobolds
  9 rats
  3 rat zombies (D:3)
83 creatures vanquished.

Notes
Turn   | Place    | Note
-------+----------+-------------------------------------------
     0 | D:1      | manon the Demonspawn Fighter began the quest for the Orb.
     0 | D:1      | Reached XP level 1. HP: 18/18 MP: 1/1
    68 | D:1      | Reached skill level 2 in Unarmed Combat
   240 | D:1      | Gained mutation: You are partially covered in icy blue scales. (AC +2) [demonic ancestry]
   240 | D:1      | Reached XP level 2. HP: 24/24 MP: 2/2
   655 | D:1      | Reached skill level 3 in Unarmed Combat
   696 | D:2      | Gained mutation: You have sharp toenails. [demonic ancestry]
   696 | D:2      | Reached XP level 3. HP: 29/29 MP: 3/3
   805 | D:2      | Noticed Robin
   832 | D:2      | Reached XP level 4. HP: 12/35 MP: 4/4
   842 | D:2      | Reached skill level 4 in Unarmed Combat
   844 | D:2      | Killed Robin
  1399 | D:2      | Found a shimmering altar of Xom.
  1682 | D:3      | Gained mutation: Your flesh is cold resistant. (rC+) [demonic ancestry]
  1682 | D:3      | Reached XP level 5. HP: 41/41 MP: 5/5
  2152 | D:3      | Found a blossoming altar of Fedhas.
  2271 | D:3      | Reached skill level 5 in Unarmed Combat
  2286 | D:3      | Found an ancient bone altar of Kikubaaqudgha.
  2934 | D:4      | Got a brightly glowing helmet
  2945 | D:4      | Identified the +2 helmet "Zukeack" {rN+ Int+2} (You found it on level 4 of the Dungeon)
  3011 | D:4      | Noticed Menkaure
  3018 | D:4      | Killed Menkaure
  3018 | D:4      | Reached skill level 6 in Unarmed Combat
  3018 | D:4      | Gained mutation: You have razor-sharp toenails. [demonic ancestry]
  3018 | D:4      | Reached XP level 6. HP: 42/47 MP: 6/6
  3214 | D:5      | Entered Level 5 of the Dungeon
  3214 | D:5      | Noticed Grinder
  3225 | D:5      | HP: 2/47 [Grinder (6)]
  3227 | D:5      | Slain by a bullfrog skeleton

Skill      XL: |  1  2  3  4  5 |
---------------+----------------+-----
Unarmed Combat | 2 3 4 6 |  6.0
Fighting       | |  3.0
Armour         | |  2.6
Shields        | |  2.6

Action                   |  1- 3 |  4- 6 || total
-------------------------+-------+-------++-------
Melee: Unarmed           |   139 |   138 ||   277
       Kick              |     8 |    33 ||    41
Evoke: Wand              |       |     3 ||     3
  Use: Potion            |     1 |     4 ||     5
       Scroll            |       |     2 ||     2
  Eat: Meat ration       |       |     1 ||     1
       Chunk             |       |     1 ||     1
Armor: Scale mail        |    53 |    72 ||   125
Dodge: Dodged            |    37 |    37 ||    74
Block: Shield            |    51 |    51 ||   102
